 Seeded DCSS version 0.30.0-19-g36f170ea60 (webtiles) character file.

Game seed: 1882581695637917331 (custom seed)

294 RascalDebosk the Magician (level 6, -4/43 HPs)
             Began as a Djinni Summoner on May 29, 2023.
             Slain by a nameless horror (10 damage)
             ... created by miscasting Summon Lightning Spire
             ... on level 4 of the Dungeon.
             The game lasted 00:28:05 (3356 turns).

RascalDebosk the Magician (Djinni Summoner)         Turns: 3356, Time: 00:28:06

Health: -4/43      AC:  5    Str: 13    XL:     6   Next: 60%
Gold:   156        EV: 12    Int: 21    God:
                   SH:  0    Dex: 14

rFire   + + .        t - +2 short sword (vamp)
rCold   x . .        (no shield)
rNeg    . . .        a - +0 robe
rPois   ∞            (no helmet)
rElec   +            (no cloak)
rCorr   .            e - +2 pair of gloves
SInv    .            (boots unavailable)
Will    .....        (no amulet)
Stlth   ++           i - ring "Nut Kez" {rElec MP+9 Str+6 Int+3}
HPRegen 0.27/turn    (no ring)
MPRegen 0.00/turn

%: infuse magic (-5 HP)
@: flying
A: sickness immunity, fire resistance 2, cold vulnerability 1, float, innate
caster, HP casting, extra vitality 1
a: no special abilities


You were on level 4 of the Dungeon.
You visited 1 branch of the dungeon, and saw 4 of its levels.

You collected 156 gold pieces.

Inventory:

Hand Weapons
 k - a +2 short sword of holy wrath
 t - a +2 vampiric short sword (weapon)
Armour
 a - a +0 robe (worn)
 e - a +2 pair of gloves (worn)
 o - a +0 kite shield
 s - a +0 leather armour
Jewellery
 i - the ring "Nut Kez" (left hand) {rElec MP+9 Str+6 Int+3}
   (You acquired it on level 3 of the Dungeon)

   [ring of strength]

   Str:       It affects your strength (+6).
   Int:       It affects your intelligence (+3).
   rElec:     It insulates you from electricity.
   MP:        It affects your magic capacity (+9).
 v - a ring of ice
Wands
 q - a wand of iceblast (8)
Scrolls
 c - 2 scrolls of magic mapping
 f - 2 scrolls of poison
 g - 2 scrolls of blinking
 n - a scroll of silence {unknown}
 u - a scroll of brand weapon {unknown}
 w - 3 scrolls of enchant weapon
Potions
 b - 2 potions of ambrosia {unknown}
 d - a potion of cancellation {unknown}
 h - a potion of curing {unknown}
 j - a potion of degeneration {unknown}
 l - a potion of haste {unknown}
 m - a potion of invisibility {unknown}
 p - a potion of might {unknown}
 r - a potion of experience {unknown}


   Skills:
 + Level 1.9 Fighting
 + Level 2.2 Armour
 - Level 2.1 Dodging
 - Level 1.5 Stealth
 * Level 5.1 Spellcasting


You knew the following spells:

 Your Spells              Type           Power      Damage    Failure   Level
a - Summon Small Mammal   Summ           100%       N/A       1%          1
b - Call Imp              Summ           54%        N/A       1%          2
c - Call Canine Familiar  Summ           27%        N/A       3%          3
d - Summon Guardian Gole  Hex/Summ       27%        N/A       3%          3
e - Summon Lightning Spi  Summ/Air       27%        N/A       13%         4
f - Freeze                Ice            100%       1d10      1%          1
g - Wereblood             Tmut           27%        N/A       1%          2
Your spell library was empty.

Dungeon Overview and Level Annotations

Branches:
Dungeon (4/15)
 Temple: D:4-7

Altars:
Wu Jian


Innate Abilities, Weirdness & Mutations

You are immune to sickness and miasma.
You are immune to poison.
Your flesh is very heat resistant. (rF++)
You are vulnerable to cold. (rC-)
You float through the air rather than walking.
You learn spells naturally, not from books.
Your magical power is your life essence.
You have superior vitality. (+4 MHP)


Message History

You kill the kobold!
Your quokka disappears in a puff of smoke!
Your rat disappears in a puff of smoke!
Your guardian golem disappears in a puff of smoke!
You swap places.
u - a scroll labelled ONAH OHYOREERE
v - a ring of ice You reach down and open the door.
There is an open door here.
Found a stone staircase leading down.
There is a stone staircase leading down here.
An orc comes into view. It is wielding a +0 flail.
An orc is nearby!
Your hound bites the orc.
Your cerulean imp hits the orc from afar with a -2 spear.
The orc dies!
w - 3 scrolls of enchant weapon (gained 1)
You swap places.
A dart slug comes into view.
Your cerulean imp disappears in a puff of smoke!
A dart slug is nearby!
An endoplasm comes into view.
Found 9 gold pieces.
The dart slug launches a dart at you. The slug dart misses you.
The slug dart hits your hound.
Casting: Summon Guardian Golem (dangerous; 3% risk of failure)
Confirm with . or Enter, or press ? or * to list all spells.
The spell is quite dangerous to miscast (13% risk of failure)!
Continue anyway?
You miscast Summon Lightning Spire.
You are very lightly contaminated with residual magic.
A fistful of eyes flickers past your view.
A nameless horror comes into view.
You hit the nameless horror but do no damage.
The endoplasm quivers.
Send 'em back where they came from!
Your hound shudders.
You hit the nameless horror but do no damage.
The dart slug launches a dart at you. The slug dart hits your hound.
The nameless horror barely misses you.
You hit the nameless horror but do no damage.
An iguana comes into view.
The nameless horror misses you.
You hit the nameless horror but do no damage.
The nameless horror closely misses you.
You hit the nameless horror.
The nameless horror is lightly damaged.
The dart slug launches a dart at you. The slug dart hits your hound.
Send 'em back where they came from!
Your hound disappears in a puff of smoke!
You hit the nameless horror but do no damage.
The nameless horror is lightly damaged.
The nameless horror hits you but does no damage.
Casting: Summon Lightning Spire (quite dangerous; 13% risk of failure)
Confirm with . or Enter, or press ? or * to list all spells.
The dart slug launches a dart at you. The slug dart hits you.
The endoplasm freezes you.
You are frozen!
You feel a terrible chill! The nameless horror hits you!
* * * LOW HITPOINT WARNING * * *
The nameless horror attacks as you move away!
The nameless horror hits you!
* * * LOW HITPOINT WARNING * * *
The endoplasm attacks as you move away! The endoplasm barely misses you.
Your hound bites the nameless horror.
Send 'em back where they came from!
Your hound shudders.
You hit the endoplasm.
You feel better.
The endoplasm is heavily wounded.
Your hound bites the nameless horror but does no damage.
The endoplasm barely misses you. The iguana bites your hound!
Your hound bites the nameless horror but does no damage.
You hit the endoplasm.
You kill the endoplasm!
Your hound bites the nameless horror.
The nameless horror hits your hound!
Your hound dies!
Your hound's corpse disappears in a puff of smoke!
Your magical contamination has completely faded away.
The nameless horror hits you.
* * * LOW HITPOINT WARNING * * *
You hit the nameless horror but do no damage.
The nameless horror is moderately damaged.
The nameless horror hits you.
* * * LOW HITPOINT WARNING * * *
You hit the nameless horror but do no damage.
The nameless horror is moderately damaged.
The nameless horror closely misses you.
You hit the nameless horror but do no damage.
The nameless horror is moderately damaged.
The nameless horror hits you but does no damage.
You hit the nameless horror but do no damage.
The nameless horror is moderately damaged.
The nameless horror hits you.
* * * LOW HITPOINT WARNING * * *
You hit the nameless horror but do no damage.
The nameless horror is moderately damaged.
The nameless horror closely misses you.
You hit the nameless horror but do no damage.
The nameless horror is moderately damaged.
The nameless horror hits you!
You die...

#~≈~≈~. #~≈w≈~.
# ##~≈≈≈l #.
..~~~. #. #...#
#..## #..l# #.#
$.....##X####.#
..... #.@.##.#
#.. ....
###.##.# #.. #
... #..#.# ##.#
## .. ##.#.#
#..#####. .
#.#.####)#......
#...5....+....##
####.#...#......
#...###....#.
###># ###'###


You could see a nameless horror, an iguana and a dart slug.

Vanquished Creatures
  A nameless horror (D:2)
  An orc wizard (D:4)
  An endoplasm (D:4)
  A hobgoblin (D:2)
  2 kobolds
6 creatures vanquished.

Vanquished Creatures (collateral kills)
  A phantom (D:4)
  An orc priest (D:4)
  Ijyb (D:3)
  Terence (D:3)
  5 adders
  2 dart slugs
  8 orcs
  3 bats
  5 endoplasms
  4 goblins
  7 hobgoblins
  2 jackals (D:3)
  2 quokkas
  A ball python (D:2)
  2 frilled lizards (D:2)
  5 kobolds
  6 rats
56 creatures vanquished.

Grand Total: 62 creatures vanquished

Notes
Turn   | Place    | Note
-------+----------+-------------------------------------------
     0 | D:1      | RascalDebosk the Djinni Summoner began the quest for the
                  | Orb.
     0 | D:1      | RascalDebosk set off with the following spells memorised:
                  | Summon Small Mammal, Call Imp, Call Canine Familiar, Summon
                  | Guardian Golem, Summon Lightning Spire.
     0 | D:1      | Reached XP level 1. HP: 15/15 MP: 0/0
   407 | D:1      | Reached XP level 2. HP: 20/21 MP: 0/0
   979 | D:2      | Reached XP level 3. HP: 13/25 MP: 0/0
   979 | D:2      | Learned a level 1 spell: Freeze
  1044 | D:2      | Reached skill level 4 in Spellcasting
  1136 | D:2      | Noticed a nameless horror
  1143 | D:2      | Killed a nameless horror
  1727 | D:2      | Reached XP level 4. HP: 31/31 MP: 0/0
  2154 | D:3      | Noticed Terence
  2159 | D:3      | Killed Terence
  2434 | D:3      | Identified a scroll of acquirement
  2435 | D:3      | Acquired the ring "Nut Kez" {rElec MP+9 Str+6 Int+3}
  2527 | D:3      | Noticed Ijyb
  2540 | D:3      | Killed Ijyb
  2541 | D:3      | Reached skill level 1 in Armour
  2541 | D:3      | Reached XP level 5. HP: 21/36 MP: 0/0
  2541 | D:3      | Learned a level 2 spell: Wereblood
  2680 | D:3      | Found an ornate altar of the Wu Jian Council.
  3019 | D:4      | Reached skill level 1 in Fighting
  3040 | D:4      | Reached XP level 6. HP: 28/42 MP: 0/0
  3168 | D:4      | Reached skill level 5 in Spellcasting
  3337 | D:4      | Noticed a nameless horror
  3356 | D:4      | Slain by a nameless horror

Illustrated notes

Levels and vault maps discovered:
D:1:      dpeg_arrival_erosion, layout_basic
D:2:      layout_basic, minmay_tripent
D:3:      layout_loops_ring, nicolae_wu_jian_wuxing_cycle, serial_bayou_pond_d,
          uniq_ijyb, uniq_terence
D:4:      layout_basic, lemuel_round_altar, kennysheep_slug_shrine,
          minmay_misc_feat_hallway, nicolae_kite_square_tiling_tiny

Skill      XL: |  1  2  3  4  5  6 |
---------------+-------------------+-----
Spellcasting   | 4 5 |  5.1
Armour         | 1 2 |  2.2
Fighting       | 1 |  1.9
Dodging        | |  2.1
Stealth        | |  1.5

Action                     |  1- 3 |  4- 6 || total
---------------------------+-------+-------++-------
  Melee: Short sword       |     3 |    30 ||    33
   Cast: Summon Small Mamm |    38 |    18 ||    56
         Call Imp          |    13 |     8 ||    21
         Call Canine Famil |     9 |    12 ||    21
         Summon Guardian G |     7 |    10 ||    17
         Freeze            |     3 |       ||     3
         Summon Lightning  |       |     7 ||     7
    Use: Scroll            |     3 |     4 ||     7
 Armour: Robe              |     4 |    14 ||    18
  Dodge: Dodged            |     9 |    28 ||    37
